 Dungeon Crawl Stone Soup version 0.27.0-1-g7a089689b8 (webtiles) character file.

Game seed: 11615161356245914682

175 dolemite99 the Spear-Bearer (level 5, -1/38 HPs)
             Began as a Merfolk Gladiator on Aug 11, 2021.
             Slain by a quokka (2 damage)
             ... on level 4 of the Dungeon.
             The game lasted 00:03:04 (3727 turns).

dolemite99 the Spear-Bearer (Merfolk Gladiator)     Turns: 3727, Time: 00:03:04

Health: -1/38      AC:  8    Str: 16    XL:     5   Next: 55%
Magic:  5/5        EV: 12    Int:  7    God:
Gold:   104        SH:  0    Dex: 15    Spells: 4/4 levels left

rFire    . . .     SeeInvis .   a - +0 trident
rCold    . . .     Faith    .   (no shield)
rNeg     . . .     Spirit   .   p - +2 ring mail {rPois}
rPois    +         Reflect  .   c - +0 helmet
rElec    .         Harm     .   (no cloak)
rCorr    .         Rampage  .   (no gloves)
Will     .....                  (no boots)
Stlth    +.........             (no amulet)
HPRegen  0.12/turn              (no ring)
MPRegen  0.09/turn              (no ring)

@: attractive
A: (nimble swimmer 2), mertail
a: no special abilities


You were on level 4 of the Dungeon.
You visited 1 branch of the dungeon, and saw 4 of its levels.

You collected 104 gold pieces.

Inventory:

Hand Weapons
 a - a +0 trident (weapon)
 o - a +3 short sword
Missiles
 d - 3 throwing nets (quivered)
 k - 9 arrows
 n - 53 stones
 x - 12 poisoned darts
Armour
 b - a +0 leather armour
 c - a +0 helmet (worn)
 i - a +0 chain mail
 p - a +2 ring mail of poison resistance (worn)
 w - a +0 plate armour
Wands
 s - a wand of iceblast (6)
 y - a wand of paralysis (9)
Scrolls
 f - a scroll of silence {unknown}
 h - 2 scrolls of fog {unknown}
 l - a scroll of teleportation {unknown}
 m - 2 scrolls of identify {unknown}
 q - 3 scrolls of immolation {unknown}
 t - a scroll of blinking {unknown}
 v - a scroll of noise {unknown}
Potions
 e - a potion of cancellation {unknown}
 r - a potion of invisibility {unknown}
 u - a potion of brilliance {unknown}


   Skills:
 - Level 2.1 Fighting
 + Level 8.8 Polearms
 - Level 2.0 Throwing
 - Level 4.0 Dodging


You had 4 spell levels left.
You didn't know any spells.
Your spell library contained the following spells:

 Spells                   Type           Power      Damage    Failure   Level
 Blink                    Tloc           N/A        N/A       80%         2
 Lesser Beckoning         Tloc           0%         N/A       95%         3
 Manifold Assault         Tloc           0%         N/A       100%        5


Dungeon Overview and Level Annotations

Branches:
Dungeon (4/15)
 Temple: D:4-7

Altars:
Wu Jian


Innate Abilities, Weirdness & Mutations

((You are quick and stealthy near water. (Stealth+, EV+, Speed+++)))
Your lower body shifts to a powerful aquatic tail in water.


Message History

The quokka bites you but does no damage.
The phantom barely misses you.
You hit the phantom.
The phantom is severely damaged.
The quokka barely misses you.
The phantom hits you but does no damage.
You hit the phantom but do no damage.
The phantom is severely damaged.
The quokka bites you but does no damage.
The phantom barely misses you.
You miss the phantom.
The phantom is severely damaged.
The quokka completely misses you.
You barely miss the phantom.
The phantom is severely damaged.
The phantom hits you.
* * * LOW HITPOINT WARNING * * *
The phantom blinks!
You blink.
The quokka is pulled toward you! The phantom hits you.
* * * LOW HITPOINT WARNING * * *
The quokka bites you but does no damage.
You closely miss the phantom.
The phantom is severely damaged.
The phantom hits you but does no damage.
The quokka misses you.
You closely miss the phantom.
The phantom is severely damaged.
The quokka bites you but does no damage.
The phantom closely misses you.
You hit the phantom.
The phantom is almost destroyed.
The quokka barely misses you. The phantom barely misses you.
You closely miss the phantom.
The phantom is almost destroyed.
The quokka twitches its whiskers.
The quokka completely misses you. The phantom misses you.
You closely miss the phantom.
The phantom is almost destroyed.
The quokka bites you.
You die...

..###....).#..#...##..#..
....#..#.#.[..##...........
....§#...# ...##..........
...#.#...# #......#... .
..##r..#.# #......#... ..
#..#.....# ###.............
.........# #........# ...PP
...<.#########...r....##..PP♣
...#.§..§§.##..W@.........P.P
.####...Z.................PP
# #....##............)##.....
....#..##...................
... #.....#..............?..
.. ...######...#####...PP .
<... #...# ...PP ..## #....#
)..P. #...## ...P


You could see a phantom and a quokka.

Vanquished Creatures
  A jelly (D:3)
  A bullfrog skeleton (D:4)
  4 adders
  An adder skeleton (D:4)
  2 worms (D:3)
  A dart slug (D:1)
  7 orcs
  3 bats
  7 endoplasms
  A giant cockroach (D:4)
  2 goblins
  3 hobgoblins
  7 jackals
  4 kobolds
  5 quokkas (D:3)
  4 ball pythons
  3 frilled lizards
  6 rats
62 creatures vanquished.

Vanquished Creatures (others)
  5 fungi (D:2)
  2 plants (D:2)
7 creatures vanquished.

Grand Total: 69 creatures vanquished

Notes
Turn   | Place    | Note
-------+----------+-------------------------------------------
     0 | D:1      | dolemite99 the Merfolk Gladiator began the quest for the
                  | Orb.
     0 | D:1      | Reached XP level 1. HP: 16/16 MP: 1/1
   263 | D:1      | Reached skill level 5 in Polearms
   367 | D:1      | Reached XP level 2. HP: 18/22 MP: 2/2
  1236 | D:1      | Reached skill level 6 in Polearms
  1236 | D:1      | Reached XP level 3. HP: 27/27 MP: 3/3
  2364 | D:2      | Reached XP level 4. HP: 31/33 MP: 4/4
  2364 | D:2      | Found a faded altar of an unknown god.
  2403 | D:2      | Reached skill level 7 in Polearms
  3198 | D:3      | Reached skill level 8 in Polearms
  3249 | D:3      | Reached XP level 5. HP: 38/38 MP: 5/5
  3313 | D:3      | Found an ornate altar of the Wu Jian Council.
  3663 | D:4      | Noticed a phantom
  3722 | D:4      | HP: 1/38 [phantom (6)]
  3727 | D:4      | Slain by a quokka

Illustrated notes

Levels and vault maps discovered:
D:1:      dpeg_arrival_oval, layout_basic
D:2:      layout_basic, dreamdust_ecumenical_altar_grove
D:3:      layout_basic, pdpol_wu_jian_five_deadly_venoms
D:4:      layout_cave_pools, mainiacjoe_overflow_alcove_1,
          mainiacjoe_overflow_small_starburst, serial_park, serial_park_square2,
          serial_park_gazebo [serial_park_minivault_5x5_2]

Skill      XL: |  1  2  3  4 |
---------------+-------------+-----
Polearms       | 5 6 8 |  8.8
Fighting       | |  2.1
Throwing       | |  2.0
Dodging        | |  4.0

Action                   |  1- 3 |  4- 6 || total
-------------------------+-------+-------++-------
Melee: Trident           |   121 |   131 ||   252
  Use: Potion            |       |     3 ||     3
 Stab: Sleeping          |     2 |       ||     2
Armor: Leather armour    |    21 |       ||    21
       Chain mail        |    10 |       ||    10
       Ring mail         |       |    49 ||    49
Dodge: Dodged            |    65 |    83 ||   148
